Cogmind - Beta 16 @@@ ROGUE MODE // 2025.12.02 @ 01:05:27 Player: Wyvric Result: Destroyed by S-43 Plague with Heavy Machine Gun Performance ------------- Evolutions (7) 3500 Regions Visited (12) 2400 Robots Destroyed (173) 865 Value Destroyed (6343) 6343 Prototype IDs (22) 440 Alien Tech Used (0) 0 Bonus (1112) 1112 TOTAL SCORE: 14660 Bonus ------- High Alert Combat Kills 239 Follower Combat Kills 390 Entered DSFs 500 Friendly Fire -17 Cogmind --------- Core Integrity 0/1300 Matter 198/300 Energy 100/100 System Corruption 12% Temperature Cool (0) Movement Flying (30) Location -3/Quarantine Parts ------- > --- POWER (2) -------- (None) > --- PROPULSION (6) --- Improved Diametric Drive > --- UTILITY (8) ------ Improved Coolant Injector Enhanced Optical Array Enhanced Optical Array Advanced Signal Interpreter Improved Targeting Computer Graphene Brace Advanced Component Analysis Suite > --- WEAPON (5) ------- Power Maul > --- INVENTORY (5) ---- Huge Storage Unit Damper Plating Peak State ------------ > --- POWER ------------ Heavy Antimatter Reactor Heavy Antimatter Reactor > --- PROPULSION ------- Armored Medium Treads Armored Medium Treads Heavy Treads Biometal Heavy Treads > --- UTILITY ---------- Cryofiber Web Experimental Heat Sink Advanced Coolant Injector Huge Storage Unit Advanced Signal Interpreter Advanced Targeting Computer Advanced EM Shield Advanced Remote Shield > --- WEAPON ----------- Precision Beam Rifle Heavy Wave Gun Heavy Wave Gun Enhanced Autogun KE Penetrator > --- INVENTORY -------- Heavy Treads Heavy Treads Heavy Treads Improved Heavy Siege Treads Advanced Heat Sink Advanced Cooling System Advanced Cooling System Experimental Energy Well Advanced Sensor Array Advanced Signal Interpreter Damper Plating Graphene Brace Authchip [R/NC] Improved Component Analysis Suite Precision Beam Rifle Heavy Battle Rifle Hardcell Cannon Gamma Bomb Array [Rating: 146] Favorites ----------- Power Heavy Antimatter Reactor Engine Reinforced Deuterium Engine Power Core Enhanced Nuclear Core Reactor Heavy Antimatter Reactor Propulsion Light Treads Treads Light Treads Leg Advanced Myomer Leg Wheel Armored Wheel Hover Unit Cooled Aerolev Unit Flight Unit Improved Diametric Drive Utility Huge Storage Unit Device Cryofiber Web Storage Huge Storage Unit Processor Advanced Targeting Computer Hackware Authchip [R/NC] Protection Light Armor Plating Weapon Mini Assault Cannon Energy Gun Heavy Wave Gun Energy Cannon EM Pulse Cannon Ballistic Gun Light Assault Rifle Ballistic Cannon Mini Assault Cannon Launcher Grenade Launcher Impact Weapon Power Maul Build | -11 -10 -9 -8 -7 -6 -5 -5 -5 -4 -4 -3 -3 ------- Run | Yrd Mat Mat Mat Fac Fac Fac Was Fac Fac DSF Res Qua Slots Evolved 14 | . . 2 2 2 2 2 . . 2 . 2 . Power 1 | . . . . . 1 . . . . . . . Propulsion 4 | . . 1 . . . . . . 1 . 2 . Utility 6 | . . 1 . 2 1 2 . . . . . . Weapon 3 | . . . 2 . . . . . 1 . . . Parts Attached 167 | 7 14 32 26 6 23 8 5 2 1 4 29 10 Power 14 | 1 2 3 3 . 2 . 1 1 . . 1 . Engine 8 | 1 1 3 3 . . . . . . . . . Core 2 | . 1 . . . 1 . . . . . . . Reactor 4 | . . . . . 1 . 1 1 . . 1 . Propulsion 39 | 2 2 12 6 1 3 1 3 . 1 1 6 1 Treads 25 | 2 2 5 6 . . 1 1 . 1 1 6 . Leg 3 | . . . . . 1 . 2 . . . . . Wheel 9 | . . 7 . 1 1 . . . . . . . Hover 1 | . . . . . 1 . . . . . . . Flight 1 | . . . . . . . . . . . . 1 Utility 67 | 2 7 7 6 5 12 5 1 1 . 2 12 7 Device 31 | 1 2 2 3 1 7 5 1 . . 1 5 3 Storage 6 | 1 2 1 . . 1 . . . . . . 1 Processor 11 | . 1 1 1 2 2 . . 1 . . . 3 Hackware 2 | . . . . . 1 . . . . . 1 . Protection 17 | . 2 3 2 2 1 . . . . 1 6 . Artifact . | . . . . . . . . . . . . . Weapon 47 | 2 3 10 11 . 6 2 . . . 1 10 2 Energy Gun 13 | 2 . 4 1 . 2 1 . . . . 3 . Energy Cannon 5 | . . 3 2 . . . . . . . . . Ballistic Gun 16 | . 2 1 2 . 2 1 . . . 1 7 . Ballistic Cannon 6 | . . 2 4 . . . . . . . . . Launcher 5 | . 1 . 2 . 2 . . . . . . . Special Weapon . | . . . . . . . . . . . . . Impact Weapon 2 | . . . . . . . . . . . . 2 Slashing Weapon . | . . . . . . . . . . . . . Piercing Weapon . | . . . . . . . . . . . . . Special Melee Weapon . | . . . . . . . . . . . . . Unidentified Prototypes 19 | . . 3 4 . 10 . . . . . . 2 Corrupted Parts 4 | . . . 4 . . . . . . . . . System Corruption 24 | . . . 24 . . . . . . . . . Parts Lost 73 | . 6 14 14 . 1 1 . 3 . . 33 1 Power 7 | . 1 2 2 . . . . 1 . . 1 . Propulsion 23 | . 2 8 5 . . 1 . . . . 7 . Utility 21 | . 2 3 1 . . . . 1 . . 13 1 Weapon 22 | . 1 1 6 . 1 . . 1 . . 12 . Highest Loss Streak 19 | . 2 6 12 . 1 1 . 3 . . 19 1 To Critical Strikes . | . . . . . . . . . . . . . Average Backups 20 | 4 12 24 23 23 23 23 21 18 19 18 15 2 Power . | . 1 1 1 . . 1 1 . . . . . Propulsion 5 | 2 4 7 4 4 6 7 7 6 7 6 3 . Utility 8 | . 3 8 9 11 9 8 7 7 7 7 8 2 Weapon 5 | . 2 7 7 7 6 6 5 5 5 4 3 . Tool/Special . | . . . . . . . . . . . . . Unused Backups 60 | . 3 11 15 6 3 2 5 . . 3 11 1 Power 5 | . . 3 1 . . . . . . . 1 . Propulsion 6 | . 2 . . . . . 2 . . 1 1 . Utility 32 | . 1 4 8 4 3 . 3 . . 1 7 1 Weapon 16 | . . 4 6 1 . 2 . . . 1 2 . Tool/Special 1 | . . . . 1 . . . . . . . . Average Slot Usage (%) 90 | . 98 97 94 83 87 86 95 98 78 88 78 27 Engine 6 | . 13 9 8 7 3 . . . . . . . Core 1 | . . 1 . . 5 5 . . . . . . Reactor 2 | . . . . . 2 5 10 10 10 10 7 . Treads 15 | . 27 17 25 8 3 1 6 . 8 10 16 . Wheel 6 | . . 14 1 13 13 7 1 . . . . . Device 10 | . 4 3 2 6 17 18 35 34 26 22 14 12 Storage 8 | . 14 11 9 7 6 5 5 5 5 5 3 . Processor 7 | . 3 11 9 7 6 10 5 5 10 10 8 7 Protection 5 | . 5 6 6 7 3 4 . . . 3 4 . Energy Gun 7 | . 10 7 . . 4 13 23 22 15 15 10 . Energy Cannon 3 | . . 2 23 . . . . . . . . . Ballistic Gun 5 | . 16 3 2 . 4 8 . . . 9 9 . Ballistic Cannon 7 | . . 8 5 23 12 . . . . . . . Peak Build Rating 146 | 9 13 20 40 50 91 98 117 117 119 133 146 57 Average Rating 52 | 5 8 16 31 46 68 93 106 115 118 129 122 37 On Entrance 62 | . 9 13 20 40 50 84 98 117 113 119 133 14 Avg Prop Armor Cover (%) 9 | . . 12 12 4 4 6 7 . . . 38 . Naked Turns . | . . . . . . . . . . . . . Heaviest Build 168 | 12 88 105 123 136 154 164 145 145 143 161 168 7 Greatest Support 199 | 40 40 40 69 69 40 40 90 90 145 145 199 7 Greatest Overweight (x) 9 | . 2 9 7 5 6 5 5 1 . 1 1 . Average Overweight (x) 2 | . . 5 1 4 4 3 2 1 . . . . Largest Inventory Capacity 25 | 8 25 25 25 25 25 25 25 25 25 25 25 5 Average Capacity 22 | 6 14 25 25 25 25 25 25 25 25 25 22 5 Most Carried 25 | 7 25 25 25 25 25 25 25 25 25 25 25 5 Average Carried 22 | 4 12 24 24 24 24 23 24 24 23 24 21 5 Final Capacity 25 | 8 25 25 25 25 25 25 25 25 25 25 5 5 Final Carried 25 | 7 25 25 25 25 24 23 25 24 23 25 5 5 Class Distribution -------------------- 34% | Mutant 26% | Gunner 23% | Tank 11% | Scavenger-Tank Dominant Class ---------------- Mutant | -10/Materials Mutant | -9/Materials Gunner | -8/Materials Tank | -7/Factory Scavenger-Tank | -6/Factory Gunner | -5/Factory Tank | -5/Waste Tank | -5/Factory Tank | -4/Factory Tank | -4/DSF Tank | -3/Research Mutant | -3/Quarantine Resources | -11 -10 -9 -8 -7 -6 -5 -5 -5 -4 -4 -3 -3 ----------- Run | Yrd Mat Mat Mat Fac Fac Fac Was Fac Fac DSF Res Qua Matter Collected 4916 | 229 326 931 675 244 572 200 170 10 . 214 1345 . Remotely 170 | . . . 170 . . . . . . . . . Salvage Created 9037 | 25 637 1354 1082 103 729 421 1248 . . 585 2795 58 Parts 397 | 4 46 72 61 3 36 11 9 . . 28 123 4 Haulers Intercepted 8 | . 1 2 2 . 2 . . . . 1 . . Recyclers Shooed 13 | . 1 2 3 2 2 . . . . . 3 . Parts Field Recycled . | . . . . . . . . . . . . . Retrieved Matter . | . . . . . . . . . . . . . Parts Self-Destructed . | . . . . . . . . . . . . . Prevented . | . . . . . . . . . . . . . Parts Restored . | . . . . . . . . . . . . . Kills | -11 -10 -9 -8 -7 -6 -5 -5 -5 -4 -4 -3 -3 ------- Run | Yrd Mat Mat Mat Fac Fac Fac Was Fac Fac DSF Res Qua Combat Hostiles Destroyed 128 | . 16 34 18 . 9 6 . . . 9 34 2 Melee 3 | . . 1 . . . . . . . . . 2 Guns 87 | . 15 18 2 . 6 5 . . . 9 32 . Cannons 23 | . . 9 11 . 3 . . . . . . . AOE 11 | . 1 5 5 . . . . . . . . . Classes Destroyed 22 | 1 6 5 3 . 2 . . . . 1 4 . Worker 11 | . . 2 4 . 2 . . . . . 3 . Builder 7 | . 1 . 2 . 1 . . . . . 3 . Tunneler 2 | 1 . . 1 . . . . . . . . . Hauler 8 | . 1 2 2 . 2 . . . . 1 . . Recycler 9 | . . 2 1 2 2 . . . . . 2 . Mechanic 1 | . 1 . . . . . . . . . . . Operator 2 | . . . 1 . 1 . . . . . . . Watcher 5 | . . 2 2 . . . . . . . 1 . Swarmer 31 | . 3 7 3 . 6 . . . . 5 5 2 Cutter 2 | . . . . . . . . . . 1 1 . Grunt 54 | . 12 16 9 . . 4 . . . 2 11 . Brawler 1 | . . 1 . . . . . . . . . . Duelist 1 | . . . 1 . . . . . . . . . Protector 1 | . . . . . . . . . . . 1 . Sentry 19 | . . 10 4 . . 2 . . . . 3 . Specialist 2 | . . . . . . . . . . . 2 . Hunter 6 | . . . . . 2 . . . . . 4 . Programmer 5 | . . . . . 1 . . . . . 4 . Heavy 3 | . . . 1 . . . . . . 1 1 . Behemoth 1 | . . . . . . . . . . . 1 . Striker 1 | . . . . . . . . . . . 1 . Subdweller 1 | . 1 . . . . . . . . . . . Best Kill Streak 8 | 1 3 8 6 2 6 4 . . . 8 8 2 Combat Bots Only 7 | . 3 7 4 . 3 4 . . . 7 6 2 Max Kills in Single Turn 3 | 1 1 2 3 1 2 2 . . . 2 2 1 Gunslinging 1 | . . . . . 1 1 . . . 1 1 . Exploded 2 | . 1 2 2 . . . . . . . . . Melee 1 | . . 1 . . . . . . . . . 1 Uniques/NPCs Destroyed . | . . . . . . . . . . . . . Combat | -11 -10 -9 -8 -7 -6 -5 -5 -5 -4 -4 -3 -3 -------- Run | Yrd Mat Mat Mat Fac Fac Fac Was Fac Fac DSF Res Qua Hostile Shots Fired 1327 | . 105 210 80 2 89 45 . 10 . 40 735 11 Missed 375 | . 26 58 23 1 20 13 . 3 . 16 213 2 Hits 952 | . 79 152 57 1 69 32 . 7 . 24 522 9 Melee 35 | . . . . . . . . . . 1 34 . Projectile 917 | . 79 152 57 1 69 32 . 7 . 23 488 9 AOE 3 | . . . 1 . . 1 . . . . 1 . Critical Strikes 50 | . 1 11 5 . . 2 . 1 . 2 28 . Actively Blocked 13 | . . . . . . . . 1 . 2 10 . Part Disruptions 2 | . . . . . . . . . . . 2 . Damage Taken 17001 | . 983 1995 1567 14 1240 625 . 524 . 387 9460 206 Core 2308 | . 193 356 274 . 58 46 . 66 . 12 1144 159 Absorbed by Shields 1121 | . . 113 . . 168 126 . . . 117 597 . Reduced by Siege Mode 414 | . . . . . . . . . . . 414 . Ignored by Resistances 119 | . . . . . . . . . . . 119 . Regen/Repaired (Parts) 133 | . . . . . . . 53 . 52 28 . . Core Remaining (%) 70 | 100 22 11 50 100 93 . . 88 . 98 . . Volleys Fired 445 | 4 76 129 58 2 29 21 15 . . 16 95 . Largest 5 | 2 2 2 4 3 4 4 4 . . 5 5 . Hottest 305 | 90 90 130 252 130 231 298 298 . . 305 305 . Shots Fired 1255 | 8 142 255 139 4 75 64 60 . . 80 428 . Gun 984 | 8 133 151 26 . 34 64 60 . . 80 428 . Cannon 255 | . . 101 109 4 41 . . . . . . . Launcher 16 | . 9 3 4 . . . . . . . . . Special . | . . . . . . . . . . . . . Kinetic 604 | . 72 136 55 4 57 18 . . . 32 230 . Thermal 553 | 8 61 114 . . 18 46 60 . . 48 198 . Explosive 16 | . 9 3 4 . . . . . . . . . Electromagnetic 82 | . . 2 80 . . . . . . . . . Robot Hit Streak 49 | 4 8 15 19 3 15 26 48 . . 49 23 . Robot Miss Streak 7 | 1 4 3 7 . 3 2 1 . . 2 2 . Penetration Max 1 | . . . 1 . . . . . . 1 1 . Secondary Targets 22 | . . 1 1 . 1 2 . . . 4 13 . Max Gunslinging Chain 2 | . . 1 1 . 1 1 . . . 1 2 . Shots Hit Robots 917 | 5 91 181 87 2 43 52 53 . . 54 346 3 Core Hits 346 | 2 39 59 45 2 23 17 10 . . 15 132 2 Critical Kills 6 | . . . . . . . . . . . 6 . Critical Parts Destroyed 16 | . . . . . . . . . . 2 14 . Critical Strikes 69 | . 6 10 6 . 4 3 2 . . 4 34 . Burn 33 | . 6 6 . . . 3 2 . . 2 14 . Destroy 22 | . . . . . . . . . . 2 20 . Blast 11 | . . 4 3 . 4 . . . . . . . Corrupt 3 | . . . 3 . . . . . . . . . Melee Attacks 4 | . . . . . . . . . . . . 4 Impact 4 | . . . . . . . . . . . . 4 Slashing . | . . . . . . . . . . . . . Piercing . | . . . . . . . . . . . . . Sneak Attacks . | . . . . . . . . . . . . . Combat Hostiles . | . . . . . . . . . . . . . Follow-up Attacks . | . . . . . . . . . . . . . Damage Inflicted 20922 | 72 1274 3459 2947 102 1399 1202 1216 . . 1351 7748 152 Guns 14645 | 72 945 1676 360 . 365 1202 1216 . . 1351 7458 . Cannons 4428 | . . 1261 2087 51 1029 . . . . . . . Explosions 1253 | . 311 450 492 . . . . . . . . . Melee 152 | . . . . . . . . . . . . 152 Ramming 444 | . 18 72 8 51 5 . . . . . 290 . Kinetic 8882 | . 454 1554 1121 51 1188 343 . . . 497 3674 . Thermal 8921 | 72 491 1383 56 . 206 859 1216 . . 854 3784 . Explosive 1197 | . 311 450 436 . . . . . . . . . Electromagnetic 1326 | . . . 1326 . . . . . . . . . Impact 152 | . . . . . . . . . . . . 152 Slashing . | . . . . . . . . . . . . . Piercing . | . . . . . . . . . . . . . Highest Corruption 29 | . . 3 29 . 1 . . . . . 12 12 Average Corruption 5 | . . 2 14 . 1 . . . . . 4 12 Corruption Purged . | . . . . . . . . . . . . . Corruption Blocked . | . . . . . . . . . . . . . Effects 102 | . . 26 42 . 9 . . . . . 21 4 Message Errors 19 | . . 6 7 . . . . . . . 5 1 Matter Fused 25 | . . 8 11 . 2 . . . . . 3 1 Heat Flow Errors 13 | . . 4 6 . 1 . . . . . 1 1 Energy Discharges 15 | . . 2 6 . 1 . . . . . 5 1 Parts Rejected 2 | . . . 1 . . . . . . . 1 . Data Loss (minor) 15 | . . 4 6 . 1 . . . . . 4 . Data Loss (major) 4 | . . 1 1 . 2 . . . . . . . Misfires 3 | . . 1 2 . . . . . . . . . Alerts 1 | . . . . . 1 . . . . . . . Weapon Failures 5 | . . . 2 . 1 . . . . . 2 . Overload Shots . | . . . . . . . . . . . . . Overflow Damage 343 | . 33 68 147 3 77 . . . . . 15 . Projectiles 240 | . . 13 147 3 77 . . . . . . . Explosions 75 | . 33 42 . . . . . . . . . . Melee 28 | . . 13 . . . . . . . . 15 . Knockbacks 19 | . 1 6 3 1 4 . . . . . 4 . Impact 4 | . 1 . . . . . . . . . 3 . Kinetic 14 | . . 6 3 1 4 . . . . . . . Secondary 1 | . . . . . . . . . . . 1 . Self-Inflicted Damage 240 | . . 108 110 . . . . . . . 22 . Shots 6 | . . 3 3 . . . . . . . . . Rammed 58 | . 4 8 2 7 2 . . . . . 35 . Targets Rammed 60 | . 4 9 2 8 2 . . . . . 35 . Kicked . | . . . . . . . . . . . . . Crushed 2 | . . 1 . 1 . . . . . . . . Highest Temperature 443 | 120 404 433 406 75 443 373 . . . 24 295 137 Average Temperature 122 | 61 101 116 147 30 154 128 . . . 12 106 97 Received Heat Transfer 2511 | . 408 872 345 9 . 166 . . . 68 643 . Effects 20 | . . 7 6 . 3 1 . . . . 3 . Shutdowns 4 | . . 2 1 . 1 . . . . . . . Energy Bleed 3 | . . 1 1 . 1 . . . . . . . Interference 9 | . . 2 3 . 1 . . . . . 3 . Matter Decay 1 | . . 1 . . . . . . . . . . Short Circuit 1 | . . . . . . 1 . . . . . . Damage (minor) 2 | . . 1 1 . . . . . . . . . Siege Activations 6 | . . . . . . . . . . . 6 . Total Turns 124 | . . . . . . . . . . . 124 . Longest Duration 35 | . . . . . . . . . . . 35 . Martial Activations . | . . . . . . . . . . . . . Shielding Activations . | . . . . . . . . . . . . . Robots Disrupted . | . . . . . . . . . . . . . Combat Hostiles . | . . . . . . . . . . . . . Robots Corrupted 2 | . . 1 . . . . . . . . 1 . Combat Hostiles 1 | . . . . . . . . . . . 1 . Parts Fried 11 | . . 2 8 . . . . . . . 1 . Impact Corruptions 4 | . . 1 . . . . . . . . 3 . Robots Melted 4 | . . 1 . . . 1 . . . 1 1 . Combat Hostiles 3 | . . 1 . . . 1 . . . . 1 . Parts Melted 34 | . 3 9 . . . 6 . . . 2 14 . Heat Transferred 18776 | 186 1840 3626 50 . 259 1517 2146 . . 1480 7672 . Parts Sabotaged . | . . . . . . . . . . . . . Parts Stolen . | . . . . . . . . . . . . . Parts Stripped . | . . . . . . . . . . . . . Power Chain Reactions 2 | . . . 2 . . . . . . . . . Alert | -11 -10 -9 -8 -7 -6 -5 -5 -5 -4 -4 -3 -3 ------- Run | Yrd Mat Mat Mat Fac Fac Fac Was Fac Fac DSF Res Qua Maximum Alert Level 2 | . . 1 . . . . . 2 1 1 2 1 Low Security (%) 79 | 100 100 38 100 100 100 100 100 54 . 29 37 . Level 1 17 | . . 61 . . . . . 37 100 70 28 100 Level 2 3 | . . . . . . . . 7 . . 33 . Level 3 . | . . . . . . . . . . . . . Level 4 . | . . . . . . . . . . . . . Level 5 . | . . . . . . . . . . . . . High Security . | . . . . . . . . . . . . . Max Security . | . . . . . . . . . . . . . Sterilizations 1 | . . . . . . . . . . 1 . . Peak Influence 633 | 5 89 370 193 84 122 112 35 482 231 366 633 355 Initial 355 | . . 18 155 84 1 55 35 . 231 147 205 355 Average 102 | . 23 223 70 5 14 31 2 159 223 283 319 339 Influence Increases 4940 | 5 487 1092 726 50 275 194 6 572 . 279 1204 50 Destroy 0b10 Robot/C 2700 | . 300 680 360 . 180 120 . 160 . 200 660 40 Destroy 0b10 Robot/NC 245 | 5 15 40 65 10 40 . . 10 . 10 50 . Destroy Leader 606 | . 62 198 88 . 24 30 . 42 . 20 132 10 Allied During Kill 246 | . . . . . . . . 212 . 34 . . Successful Hack 119 | . 12 37 13 24 . . . . . . 33 . Select Force Hacks 60 | . 30 30 . . . . . . . . . . Disable Machine 255 | . . 30 90 15 15 30 . 60 . . 15 . Destroy Structure 229 | . 23 17 50 1 16 14 6 88 . . 14 . Lose Combat Pursuer 480 | . 45 60 60 . . . . . . 15 300 . Influence Decreases 4585 | 5 442 769 907 234 164 206 108 100 261 124 937 328 Entered New Map 1215 | . . 27 213 103 2 59 67 . 241 64 161 278 Time Decay 2412 | 5 397 602 425 107 152 147 41 30 20 . 446 40 Lost Part 705 | . 45 140 140 . 10 . . 30 . . 330 10 Lost Ally 100 | . . . . . . . . 40 . 60 . . Purge Threat 153 | . . . 129 24 . . . . . . . . Squads Dispatched 45 | . 5 6 3 6 8 1 . 1 . 2 12 1 Investigation 7 | . 3 2 1 . . . . . . . 1 . Extermination 8 | . . . . 4 2 . . . . . 2 . Reinforcement 26 | . 2 4 2 2 6 . . 1 . 2 6 1 Assault . | . . . . . . . . . . . . . Garrison 4 | . . . . . . 1 . . . . 3 . Intercept . | . . . . . . . . . . . . . Searches Triggered . | . . . . . . . . . . . . . Construction Impeded 1 | . . . 1 . . . . . . . . . Haulers Reinforced 3 | . . . . . 1 . . . . . 2 . Active Scanning Responses . | . . . . . . . . . . . . . Cargo Convoy Interrupts 2 | . . . . . 1 . . . . . 1 . Stealth | -11 -10 -9 -8 -7 -6 -5 -5 -5 -4 -4 -3 -3 --------- Run | Yrd Mat Mat Mat Fac Fac Fac Was Fac Fac DSF Res Qua Distress Signals 18 | . 2 5 2 . . 1 . 1 . . 5 2 Communications Jammed 5 | . . . 1 1 2 . . . . . 1 . Distress Signals 4 | . . . 1 1 1 . . . . . 1 . Times Spotted 280 | . 37 53 27 13 35 8 . 9 . 10 80 8 Peak Tracking Total 15 | . 4 9 5 4 12 5 . 5 . 5 15 11 Tactical Retreats 24 | . 4 4 3 . . . . . . 1 12 . Traps | -11 -10 -9 -8 -7 -6 -5 -5 -5 -4 -4 -3 -3 ------- Run | Yrd Mat Mat Mat Fac Fac Fac Was Fac Fac DSF Res Qua Traps Triggered 14 | . 7 . 3 . . 1 . . . . 3 . Indirectly . | . . . . . . . . . . . . . Trap Hack Attempts . | . . . . . . . . . . . . . Triggered . | . . . . . . . . . . . . . Disarmed . | . . . . . . . . . . . . . Reprogrammed . | . . . . . . . . . . . . . Reused . | . . . . . . . . . . . . . Traps Extracted . | . . . . . . . . . . . . . Installed . | . . . . . . . . . . . . . Triggered . | . . . . . . . . . . . . . Machines | -11 -10 -9 -8 -7 -6 -5 -5 -5 -4 -4 -3 -3 ---------- Run | Yrd Mat Mat Mat Fac Fac Fac Was Fac Fac DSF Res Qua Machines Disabled 18 | . . 3 6 1 1 2 . 4 . . 1 . Max in Single Turn 2 | . . 1 2 1 1 1 . . . . 1 . Garrison Access 1 | . . . . 1 . . . . . . . . Machines Repaired . | . . . . . . . . . . . . . Machines Dismantled . | . . . . . . . . . . . . . Machines Sabotaged . | . . . . . . . . . . . . . Overloaded Fab Kills . | . . . . . . . . . . . . . Hacking | -11 -10 -9 -8 -7 -6 -5 -5 -5 -4 -4 -3 -3 --------- Run | Yrd Mat Mat Mat Fac Fac Fac Was Fac Fac DSF Res Qua Machines Accessed 51 | . 6 11 7 7 1 2 . 1 1 . 11 4 Terminals 37 | . 5 8 6 2 1 1 . 1 1 . 8 4 Fabricators 2 | . . . . 1 . . . . . . 1 . Repair Stations 2 | . . . . . . 1 . . . . 1 . Recycling Units 2 | . 1 1 . . . . . . . . . . Scanalyzers 5 | . . 2 1 2 . . . . . . . . Garrison Access 3 | . . . . 2 . . . . . . 1 . Total Hacks 126 | . 15 35 19 24 1 3 . 1 2 . 20 6 Successful 59 | . 8 21 11 13 . 2 . . 1 . 3 . Failed 65 | . 7 14 7 10 1 1 . 1 1 . 17 6 Catastrophic 14 | . 1 1 . 1 1 . . . . . 8 2 Database Lockouts 2 | . . . 1 1 . . . . . . . . Manual 60 | . 14 21 12 1 1 1 . 1 . . 7 2 Terminals 87 | . 14 23 14 11 1 1 . 1 2 . 14 6 Fabricators 3 | . . . . 2 . . . . . . 1 . Repair Stations 5 | . . . . . . 2 . . . . 3 . Recycling Units 3 | . 1 2 . . . . . . . . . . Scanalyzers 23 | . . 10 5 8 . . . . . . . . Garrison Access 5 | . . . . 3 . . . . . . 2 . Terminal Hacks 14 | . . 3 3 5 . . . . 1 . 2 . Part Schematic 1 | . . 1 . . . . . . . . . . Robot Schematic 1 | . . 1 . . . . . . . . . . Robot Analysis 2 | . . 1 . 1 . . . . . . . . Open DSF 2 | . . . . . . . . . 1 . 1 . Level Access Points 1 | . . . 1 . . . . . . . . . Terminal Index 1 | . . . . . . . . . . . 1 . Alert Level 1 | . . . . 1 . . . . . . . . Unreport Threat 2 | . . . 1 1 . . . . . . . . Locate Traps 1 | . . . . 1 . . . . . . . . Zone Layout 2 | . . . 1 1 . . . . . . . . Fabricator Hacks 1 | . . . . 1 . . . . . . . . Network Status 1 | . . . . 1 . . . . . . . . Repair Station Hacks 2 | . . . . . . 2 . . . . . . Scan Component 1 | . . . . . . 1 . . . . . . Repair 1 | . . . . . . 1 . . . . . . Recycling Unit Hacks . | . . . . . . . . . . . . . Scanalyzer 17 | . . 10 2 5 . . . . . . . . Insert Component 7 | . . 3 1 3 . . . . . . . . Analyze 3 | . . 2 . 1 . . . . . . . . Retrieve Study 7 | . . 5 1 1 . . . . . . . . Garrison Access Hacks 1 | . . . . 1 . . . . . . . . Seal Access 1 | . . . . 1 . . . . . . . . Unauthorized Hacks 24 | . 8 8 6 1 . . . . . . 1 . Terminals 22 | . 7 7 6 1 . . . . . . 1 . Botnet 4 | . 2 1 1 . . . . . . . . . Skim 18 | . 5 6 5 1 . . . . . . 1 . Fabricators . | . . . . . . . . . . . . . Repair Stations . | . . . . . . . . . . . . . Recycling Units 2 | . 1 1 . . . . . . . . . . Tunnel 2 | . 1 1 . . . . . . . . . . Scanalyzers . | . . . . . . . . . . . . . Garrison Access . | . . . . . . . . . . . . . Data Cores Recovered 1 | . . . . . 1 . . . . . . . Used 1 | . . . . . 1 . . . . . . . Hacking Detections 47 | . 5 10 7 6 1 2 . 1 1 . 10 4 Full Trace Events 1 | . . 1 . . . . . . . . . . Feedback Events . | . . . . . . . . . . . . . Feedback Blocked . | . . . . . . . . . . . . . Robot Schematics Acquired 1 | . . 1 . . . . . . . . . . Robots Built . | . . . . . . . . . . . . . Authchips . | . . . . . . . . . . . . . Time . | . . . . . . . . . . . . . Total Robot Build Rating . | . . . . . . . . . . . . . Part Schematics Acquired 4 | . . 3 . 1 . . . . . . . . Parts Built . | . . . . . . . . . . . . . Authchips . | . . . . . . . . . . . . . Time . | . . . . . . . . . . . . . Total Part Build Rating . | . . . . . . . . . . . . . Part Studies Acquired 7 | . . 5 1 1 . . . . . . . . Parts Repaired . | . . . . . . . . . . . . . Time 44 | . . . . . . 44 . . . . . . Parts Recycled . | . . . . . . . . . . . . . Recycled Matter . | . . . . . . . . . . . . . Retrieved Matter . | . . . . . . . . . . . . . Retrieved Components . | . . . . . . . . . . . . . Parts Scanalyzed 4 | . . 2 . 2 . . . . . . . . Part Schematics Acquired 3 | . . 2 . 1 . . . . . . . . Parts Damaged . | . . . . . . . . . . . . . Bothacking | -11 -10 -9 -8 -7 -6 -5 -5 -5 -4 -4 -3 -3 ------------ Run | Yrd Mat Mat Mat Fac Fac Fac Was Fac Fac DSF Res Qua Used RIF Installer . | . . . . . . . . . . . . . Robots Hacked . | . . . . . . . . . . . . . Non-combat . | . . . . . . . . . . . . . Combat . | . . . . . . . . . . . . . Robot Hacks Applied . | . . . . . . . . . . . . . Relay Couplers Released . | . . . . . . . . . . . . . Fabnet Peak Effective % . | . . . . . . . . . . . . . Robots Rewired . | . . . . . . . . . . . . . Allies Hacked . | . . . . . . . . . . . . . Hacks Repelled . | . . . . . . . . . . . . . Allies | -11 -10 -9 -8 -7 -6 -5 -5 -5 -4 -4 -3 -3 -------- Run | Yrd Mat Mat Mat Fac Fac Fac Was Fac Fac DSF Res Qua Total Allies 20 | . . . . . . . 20 . . . . . Largest Group 20 | . . . . . . . 20 20 6 6 . . Highest-Rated Group 674 | . . . . . . . 674 674 188 188 . . Highest-Rated Ally 50 | . . . . . . . 50 50 46 46 . . Initial Warlord ECA Mod 9 | . . . . . . . . . . . 9 9 Total Orders 2 | . . . . . . . . 2 . . . . EXPLORE 2 | . . . . . . . . 2 . . . . Ally Attacks 61 | . . . . . . . . 55 . 6 . . Total Damage 1971 | . . . . . . . . 1834 . 137 . . Kills 11 | . . . . . . . . 10 . 1 . . Allies Corrupted . | . . . . . . . . . . . . . Allies Melted . | . . . . . . . . . . . . . Intel | -11 -10 -9 -8 -7 -6 -5 -5 -5 -4 -4 -3 -3 ------- Run | Yrd Mat Mat Mat Fac Fac Fac Was Fac Fac DSF Res Qua Active Infowar (turns) 3436 | 26 415 90 363 461 1554 343 . . . . 167 17 Optics 107 | . 2 90 . . . . . . . . . 15 Sensors 161 | . . . . . . . . . . . 161 . IFF 471 | . . . . . 128 343 . . . . . . Terrain 44 | 26 18 . . . . . . . . . . . Structural 395 | . 395 . . . . . . . . . . . Jamming 2270 | . . . 363 461 1426 . . . . . 18 2 Robot Analysis Total 2 | . . 1 . 1 . . . . . . . . Derelict Logs Recovered . | . . . . . . . . . . . . . Drone Launches 2 | . . . . . . . . 2 . . . . Drone Recoveries . | . . . . . . . . . . . . . Exploration | -11 -10 -9 -8 -7 -6 -5 -5 -5 -4 -4 -3 -3 ------------- Run | Yrd Mat Mat Mat Fac Fac Fac Was Fac Fac DSF Res Qua Turns Passed 11589 | 133 1621 2139 1703 1527 1666 369 745 119 48 320 1108 91 Spaces Moved 5339 | 67 710 818 683 785 865 185 313 62 29 100 520 202 Core 218 | 3 . . . . . . . . . . 203 12 Treads 2170 | 64 710 160 598 51 . . 141 . 29 100 317 . Legs 138 | . . . . . . . 76 62 . . . . Wheels 2623 | . . 658 85 734 865 185 96 . . . . . Hover . | . . . . . . . . . . . . . Flight 190 | . . . . . . . . . . . . 190 Fastest Speed 30 | 50 160 106 180 155 135 135 175 190 152 152 50 30 Average Speed 165 | 155 176 188 199 157 151 148 210 190 152 222 120 31 Slowest Speed 360 | 160 320 360 216 200 170 175 260 190 152 232 232 50 Overloaded Moves . | . . . . . . . . . . . . . Propulsion Burnouts . | . . . . . . . . . . . . . Robots Hopped 4 | . . . . . . . . . . . . 4 Potential Cave-ins . | . . . . . . . . . . . . . Cave-ins Triggered . | . . . . . . . . . . . . . Exploration Rate (%) 41 | 5 98 86 57 26 26 6 95 12 1 76 21 31 Regions Visited 12 Branch Regions 1 Pre-discovered Areas 8 | . 2 3 3 . . . . . . . . . Known Exits Taken 6 | . . 1 1 1 1 . . 1 1 . . . Unknown Exits Taken 3 | 1 1 . . . . . . . . . 1 . Scrap Searched . | . . . . . . . . . . . . . Spaces Dug 3 | . . . . . 1 2 . . . . . . Terrain Destroyed 114 | . 21 10 45 1 14 7 4 . . 1 11 . Melee . | . . . . . . . . . . . . . Projectile 46 | . . . 12 1 14 7 4 . . 1 7 . AOE 64 | . 21 10 33 . . . . . . . . . Terrain Rammed . | . . . . . . . . . . . . . Walls Destroyed . | . . . . . . . . . . . . . Machines Disabled . | . . . . . . . . . . . . . Actions | -11 -10 -9 -8 -7 -6 -5 -5 -5 -4 -4 -3 -3 --------- Run | Yrd Mat Mat Mat Fac Fac Fac Was Fac Fac DSF Res Qua Total 7183 | 85 943 1156 910 1053 1157 245 374 64 34 165 783 214 Wait 771 | . 98 106 72 230 185 10 17 . . 22 31 . Move 5322 | 66 709 817 682 785 864 185 312 61 29 99 519 194 Hop 4 | . . . . . . . . . . . . 4 Pick Up 186 | 8 26 33 33 10 21 8 9 1 . 11 26 . Fast Attach 57 | 6 11 5 7 1 6 2 2 . . 1 6 10 Attach 90 | 1 3 19 15 2 8 7 3 2 2 2 26 . Detach 6 | . . . . 1 1 . . . 3 . 1 . Swap 87 | . 7 13 15 6 18 6 1 . . 2 19 . Drop 152 | . 9 25 26 9 23 6 15 . . 12 25 2 Fire 445 | 4 76 129 58 2 29 21 15 . . 16 95 . Melee 4 | . . . . . . . . . . . . 4 Ram 18 | . . 6 . . . . . . . . 12 . Kick . | . . . . . . . . . . . . . Crush 41 | . 4 3 2 7 2 . . . . . 23 . Escape Stasis . | . . . . . . . . . . . . . Rewire . | . . . . . . . . . . . . . Trap . | . . . . . . . . . . . . . Miscellaneous . | . . . . . . . . . . . . . Route ------- -11/Scrapyard -10/Materials (discovered 6 exits: *Mat x3 / [*Min x2] / Sub) -9/Materials (discovered 3 exits: *Mat x2 / *Min) -8/Materials (discovered 5 exits: *Fac x3 / *Sto x2) -7/Factory (discovered 4 exits: *Fac x2 / *Low x2) -6/Factory -5/Factory -5/Waste -5/Factory -4/Factory -4/DSF -3/Research -3/Quarantine History --------- Turn | Location | Event 9 | -11/Scrapyard | Discovered new exit (range 16) 134 | -11/Scrapyard | Entered Materials 314 | -10/Materials | Build established: Mutant 373 | -10/Materials | Discovered new exit (range 4) 533 | -10/Materials | Discovered new exit (range 6) 688 | -10/Materials | Discovered new exit (range 15) 783 | -10/Materials | Discovered new exit (range 16) 1027 | -10/Materials | Discovered new exit (range 9) 1072 | -10/Materials | Learned location of Mines (-10) 1134 | -10/Materials | Derelicts attacked the area 1150 | -10/Materials | Learned 2 Mines zone layouts 1210 | -10/Materials | Core integrity fell below 50% 1216 | -10/Materials | Identified exit to Subcaves 1273 | -10/Materials | Learned location of 2 exits from Materials 1321 | -10/Materials | Learned location of 1 exit from Recycling 1426 | -10/Materials | Learned Storage garrison access intel 1472 | -10/Materials | Learned location of 1 exit from Recycling 1755 | -10/Materials | Entered another Materials area 1755 | -9/Materials | Evolved 2 slots: Propulsion x1, Utility x1 1756 | -9/Materials | Identified exit to Materials 1756 | -9/Materials | Identified exit to Mines 2398 | -9/Materials | Discovered exit to Materials (range 13) 2410 | -9/Materials | Destroyed 7 combat bots 2418 | -9/Materials | Lost 6 parts (4n1u1w) 2468 | -9/Materials | Core integrity fell below 50% 2795 | -9/Materials | Lost 4 parts (1p2n1u) 3558 | -9/Materials | Core integrity fell below 20% 3566 | -9/Materials | Learned Storage security intel 3602 | -9/Materials | Learned location of Zion (-6) 3648 | -9/Materials | Learned Recycling recycling unit intel 3656 | -9/Materials | Learned location of 1 exit from Storage 3661 | -9/Materials | Learned 2 Storage zone layouts 3677 | -9/Materials | Learned location of 1 exit from Recycling 3705 | -9/Materials | Learned Storage trap positions 3894 | -9/Materials | Entered another Materials area 3894 | -8/Materials | Evolved 2 slots: Weapon x2 4130 | -8/Materials | Discovered new exit (range 15) 4184 | -8/Materials | Identified exit to Storage 4205 | -8/Materials | Build established: Gunner 4279 | -8/Materials | Met 7R-MNS 4287 | -8/Materials | Discovered new exit (range 16) 4400 | -8/Materials | Central database locked down 4812 | -8/Materials | Identified exit to Factory 4982 | -8/Materials | Discovered exit to Storage (range 11) 5013 | -8/Materials | Learned location of Lower Caves (-6) 5068 | -8/Materials | Learned 2 Storage zone layouts 5078 | -8/Materials | Lost 12 parts (2p4n1u5w) 5083 | -8/Materials | Found Corrupted Prototype Device 5092 | -8/Materials | System corruption reached 10% 5113 | -8/Materials | Learned location of Extension (-6) 5176 | -8/Materials | Learned Factory trap positions 5194 | -8/Materials | Learned Storage security intel 5224 | -8/Materials | Learned Factory trap positions 5263 | -8/Materials | Learned location of 1 exit from Recycling 5597 | -8/Materials | Entered Factory 5597 | -7/Factory | Evolved 2 slots: Utility x2 5598 | -7/Factory | Caught up to 7R-MNS 5598 | -7/Factory | Identified exit to Factory 5599 | -7/Factory | Loaded intel: 64 trap records 5923 | -7/Factory | Build established: Tank 6110 | -7/Factory | Discovered new exit (range 6) 6118 | -7/Factory | Identified exit to Lower Caves 6186 | -7/Factory | Central database locked down 6969 | -7/Factory | Build established: Gunner 7054 | -7/Factory | Discovered exit to Lower Caves (range 10) 7124 | -7/Factory | Entered another Factory area 7124 | -6/Factory | Evolved 2 slots: Power x1, Utility x1 7125 | -6/Factory | Caught up to 7R-MNS 7125 | -6/Factory | Loaded intel: 99 trap records 7411 | -6/Factory | Build established: Scavenger-Tank 8088 | -6/Factory | Cargo convoy interrupted 8156 | -6/Factory | Found Prototype Device 8158 | -6/Factory | Found Prototype Device 8162 | -6/Factory | Identified Adv. EM Shield 8163 | -6/Factory | Identified Exp. EM Disruption Field 8171 | -6/Factory | Found Prototype Launcher 8172 | -6/Factory | Identified Tesla Bomb Launcher 8203 | -6/Factory | Found Adv. EM Shield 8301 | -6/Factory | Spotted B-75 Beast 8471 | -6/Factory | Build established: Gunner 8776 | -6/Factory | Discovered new exit (range 7) 8788 | -6/Factory | Identified exit to Factory 8790 | -6/Factory | Entered another Factory area 8790 | -5/Factory | Evolved 2 slots: Utility x2 9132 | -5/Factory | Garrison activated, responded to threat 9159 | -5/Factory | Sucked down chute 9159 | -5/Factory | Entered Waste 9160 | -5/Waste | Joined by Warlord forces that had cleared the area 9259 | -5/Waste | Found Damper Plating 9308 | -5/Waste | Found Damper Plating 9344 | -5/Waste | Found Damper Plating 9575 | -5/Waste | Discovered new exit (range 15) 9904 | -5/Waste | Entered Factory 9904 | -5/Factory | Accompanied by 20 allies 9989 | -5/Factory | Lost 3 allies 10003 | -5/Factory | Discovered new exit (range 8) 10018 | -5/Factory | Identified exit to Factory 10023 | -5/Factory | Entered another Factory area 10023 | -4/Factory | Accompanied by 6 allies 10023 | -4/Factory | Evolved 2 slots: Propulsion x1, Weapon x1 10047 | -4/Factory | Build established: Tank 10050 | -4/Factory | Lost 3 parts (1p1u1w) 10071 | -4/Factory | Identified exit to DSF 10071 | -4/Factory | Entered DSF 10071 | -4/DSF | Accompanied by 6 allies 10091 | -4/DSF | Additional patrols routed to DSF 10132 | -4/DSF | Lost 3 allies 10191 | -4/DSF | Sterilization system engaged 10199 | -4/DSF | Found Gamma Bomb Array 10203 | -4/DSF | Found Gamma Bomb Array 10208 | -4/DSF | Destroyed 7 combat bots 10211 | -4/DSF | Ambient heat levels rising (+10) 10225 | -4/DSF | Discovered new exit (range 14) 10226 | -4/DSF | Ambient heat levels rising (+10) 10241 | -4/DSF | Ambient heat levels rising (+10) 10256 | -4/DSF | Ambient heat levels rising (+10) 10271 | -4/DSF | Ambient heat levels rising (+10) 10286 | -4/DSF | Ambient heat levels rising (+10) 10301 | -4/DSF | Ambient heat levels rising (+10) 10316 | -4/DSF | Ambient heat levels rising (+10) 10331 | -4/DSF | Ambient heat levels rising (+10) 10346 | -4/DSF | Ambient heat levels rising (+10) 10361 | -4/DSF | Ambient heat levels rising (+10) 10364 | -4/DSF | Identified exit to Research 10376 | -4/DSF | Ambient heat levels rising (+10) 10391 | -4/DSF | Ambient heat levels rising (+10) 10391 | -4/DSF | Entered Research 10391 | -3/Research | Evolved 2 slots: Propulsion x2 10584 | -3/Research | Spotted B-86 Titan 10819 | -3/Research | Spotted B-86 Titan 10905 | -3/Research | Destroyed B-86 Titan 10995 | -3/Research | Garrison activated, responded to threat 11308 | -3/Research | Spotted Striker 11309 | -3/Research | Cargo convoy interrupted 11314 | -3/Research | Lost 8 parts (1p1n3u3w) 11339 | -3/Research | Destroyed Striker 11357 | -3/Research | System corruption reached 10% 11441 | -3/Research | Lost 19 parts (4n7u8w) 11456 | -3/Research | Core integrity fell below 50% 11488 | -3/Research | Core integrity fell below 20% 11491 | -3/Research | Discovered new exit (range 15) 11499 | -3/Research | Entered Quarantine 11521 | -3/Quarantine | Lost 3 parts (2n1u) 11590 | -3/Quarantine | Destroyed by S-43 Plague with Heavy Machine Gun Last Messages --------------- reinforcements to Terminal Q011. 11549_ Dropped Hvy. Flail. 11550_ Acquired Power Maul. 11552_ Acquired Prototype Storage. 11552_ Identified Imp. Energy Well. 11553_ Dropped Imp. Energy Well. 11556_ W-44 Eye sends out distress signal. 11563_ System corrupted: Energy discharge (-24). 11563_ Acquired Imp. Targeting Computer. 11565_ Acquired Imp. Coolant Injector. 11571_ Connecting with Terminal... 11575_ Acquired Enh. Optical Array. 11578_ C-55 Analyst calibrates the Aeration Cycler. 11580_ W-44 Eye sends out distress signal. 11581_ S-43 Plague destroyed. 11584_ K-01 Serf collects debris. 11585_ Transmission Jammer destroyed. 11586_ R-10 Processor collects Hvy. Machine Gun. 11587_ S-43 Plague destroyed. Map ----- +----------------------------------------------------+ | | | ?????????????????????????????????????????????????? | | ?????????????????????????????????????????????????? | | ?????????????????????????????????????????????????? | | ?????????????????????????????????????????????????? | | ?????????????????????????????????????????????????? | | ?????????????????????????????????????????????????? | | ?????????????????????????????????????????????????? | | ?????????????????????????????????????????????????? | | ?????????????????????????????????????????????????? | | #######??????????????????????????????????????????? | | " """ #??????????????????????????????????????????? | | " """ #??????????????????????????????????????????? | | " """ #??????????????????????????????????????????? | | #??????????????????????????????????????????? | | ! #??????????????????????????????????????????? | | #???????????????????????#??????????????????? | | #?????????????????????? #??????????????????? | | #?????????????????????? #??????????????????? | | #######????????????????????? #??????????????????? | | #????????????????????????" #??????????????????? | | #???????????????????????"" #??????????????????? | | #???????????????????????"" #??????????????????? | | #??????????????????????k ????????????????????? | | #??????????????????####s#################?????? | | #??????????????????# %@s !c ??? | | ###+################ = R ??? | | ??? | | ############# """ """ """ """ """????? | | #???????????# """ """ """ ""?????????? | | #?########### """ """ """ ""?????????? | | ######+#?# # ???? | | #????????# """ T # """ """ """ ""?????????? | | #????????# """ # ! """ """ """????????????? | | +????????# """ # ! """ """ ""?????????????? | | #????????# """ #! R ??????????? | | #????????# """ # """ """ """ "??????????? | | #????????# # """ """ """????????????? | | #????????# """ """ # """ """ """????????????? | | #????????# """ """ # ?????????? | | #????????# """ """ w ?????????? | | #????????# """ """ # ?????????? | | #????????# """ """ # ??????????? | | ########## ## ###+######+#??????????? | | / ## #?????????????????????? | | #### ## #?????????????????????? | | """ " #??# ## #?????????????????????? | | """""" ##?############ #?????????????????????? | | """""" #????????????? #?????????????????????? | | """"" #????????????? #?????????????????????? | +----------------------------------------------------+ Best States ------------- Heat Dissipation 136 Coolant Potential 100 Energy Generation 45 Energy Capacity 580 Matter Stores 300 Matter Capacity 300 Sight Range 22 Robot Scan Range 16 Terrain Scan Range 16 Terrain Scan Density 10 Jamming Range 14 Base Temperature (-) 100 Armor Coverage 1200 Resistance: EM 50 Weapon Cycling 20 Evasion (%) 64 Targeting Accuracy 8 Core Analysis 6 Recoil Reduction 6 Offensive Hacking 10 Authchip Count 1 Item Schematics ----------------- Cargo Storage Unit | -9/Materials | Hacked Arm. Wheel | -9/Materials | Scanalyzed Signal Interpreter | -9/Materials | Scanalyzed Enh. Autogun | -7/Factory | Scanalyzed Robot Schematics ------------------ M-13 Machinist | -9/Materials | Hacked Fabricated ------------ Nothing Repaired ---------- Nothing Studied --------- Imp. Treads | -9/Materials | Hacked Lgt. Treads | -9/Materials | Hacked Com. Wheel | -9/Materials | Hacked Wheel | -9/Materials | Hacked Arm. Wheel | -9/Materials | Hacked Autogun | -8/Materials | Hacked Minigun | -7/Factory | Hacked Alien Tech Used ----------------- None Achievements -------------- Hot Goods Physics Hates This One Trick Window Shopping Challenges ------------ None Game ------ Seed MobileSupersonicMagmablaster Manual? 0 Play Time 02:16:10 Cumulative 843.2 hours Start 2025.12.01 @ 22:41:42 End 2025.12.02 @ 01:05:27 Sessions 1 Manual Loads 0 Difficulty Rogue Special Mode None Game No. 188 Rogue 188 Adventurer 0 Explorer 0 Win Type - Total 52 Types 13/9/11/2/2/1/9/2/1/2 Lore% 83 Gallery% 87 Achievement% 73 Wizard Run 0 Options --------- Layout 1 ASCII 0 Keyboard 0 Movement Mouse Keybinds 0 Fullscreen 1 Font 24/Smallcaps Map View 50x35 Zoom Use 0% Tactical HUD 1 Map Filters NONE Filters NONE Steam 1 RUN: 3e7ff46d-e7f8-4a3a-99d0-e2c8db8f68db